 Dungeon Crawl Stone Soup version 0.18-b1-22-ge198996 (webtiles) character file.

232 Chiseanne the Magician (level 5, -4/35 HPs)
             Began as a Demonspawn Wizard on May 4, 2016.
             Slain by a worker ant (5 damage)
             ... on level 4 of the Dungeon.
             The game lasted 00:11:35 (3949 turns).

Chiseanne the Magician (Demonspawn Wizard)          Turns: 3949, Time: 00:11:36

Health: -4/35      AC:  4    Str:  7    XL:     5   Next: 73%
Magic:  2/12       EV: 12    Int: 20    God:
Gold:   192        SH:  0    Dex: 12    Spells: 5 memorised, 2 levels left

rFire  + . .     SeeInvis .     a - +2 short sword (elec)
rCold  . . .     Gourm    .     l - +0 robe
rNeg   . . .     Faith    .     (no shield)
rPois  .         Spirit   .     v - +1 hat
rElec  .         Dismiss  .     (no cloak)
rCorr  .         Reflect  .     i - +0 pair of gloves
SustAt .         Harm     .     (no boots)
MR     .....                    (no amulet)
Stlth  ++........               (no ring)
                                (no ring)

@: lethally poisoned (-4 -> -8), not resistant to hostile enchantments,
unstealthy
A: fire resistance 1, flame cloud immunity
a: no special abilities


You were on level 4 of the Dungeon.
You were hungry.

You visited 1 branch of the dungeon, and saw 4 of its levels.

You collected 192 gold pieces.

Inventory:

Hand Weapons
 a - a +2 short sword of electrocution (weapon)
 w - a +0 hunting sling
Missiles
 e - 81 stones (quivered)
 o - 10 arrows
 B - a throwing net
Armour
 b - a +0 hat
 i - a +0 pair of gloves (worn)
 l - a +0 robe (worn)
 v - a +1 hat (worn)
Jewellery
 n - a cursed ring of fire {unknown}
 s - a +6 ring of intelligence {unknown}
 x - an uncursed ring of protection from fire {unknown}
 A - the cursed necklace of Bloodlust {*Rage +Rage MR+ Str+2 Int-2 Slay+3 *Curse}
   (You found it on level 4 of the Dungeon)

   [amulet of rage]

   It affects your strength (+2).
   It affects your intelligence (-2).
   It affects your accuracy and damage with ranged weapons and melee attacks
   (+3).
   It affects your resistance to hostile enchantments.
   It lets you go berserk.
   It may make you go berserk in combat.
   It may re-curse itself when equipped.
   It has a curse placed upon it.
Scrolls
 m - a scroll of recharging
 y - a scroll of fog
Potions
 h - a potion of cure mutation
 j - a potion of ambrosia {unknown}
 k - a potion of brilliance {unknown}
 p - a potion of invisibility {unknown}
 r - a potion of curing
 z - a potion of magic {unknown}
Books
 c - a book of Minor Magic

   Spells                             Type                      Level
   a - Magic Dart                     Conjuration                  1
   b - Blink                          Translocation                2
   c - Call Imp                       Summoning                    2
   d - Repel Missiles                 Charms/Air                   2
   e - Slow                           Hexes                        2
   f - Conjure Flame                  Conjuration/Fire             3
   g - Mephitic Cloud                 Conjuration/Poison/Air       3
Comestibles
 d - 2 bread rations
 g - a meat ration
 q - 2 chunks of flesh
 u - a slice of pizza


   Skills:
 - Level 1.7 Dodging
 - Level 1.7 Stealth
 * Level 4.7 Spellcasting
 * Level 4.0 Conjurations
   Level 1.0 Summonings
 - Level 0.8 Translocations


You had 2 spell levels left.
You knew the following spells:

 Your Spells              Type           Power        Failure   Level  Hunger
a - Magic Dart            Conj           ###.         2%          1    None
b - Blink                 Tloc           N/A          14%         2    #......
c - Repel Missiles        Chrm/Air       #.....       21%         2    #......
d - Mephitic Cloud        Conj/Pois/Air  ##......     21%         3    ##.....
e - Conjure Flame         Conj/Fire      ##......     17%         3    ##.....


Dungeon Overview and Level Annotations

Branches:
Dungeon (4/15)
 Temple: D:4-7

Altars:
Elyvilon
Okawaru

Annotations:
D:3 Grinder, Natasha
D:4 Crazy Yiuf


Innate Abilities, Weirdness & Mutations

Your flesh is heat resistant.
You are immune to clouds of flame.


Message History

You feel sick.
The worker ant waves its antennae.
The worker ant bites you.
* * * LOW HITPOINT WARNING * * *
Casting: Magic Dart
Confirm with . or Enter, or press ? or * to list all spells.
Aiming: Magic Dart
Press: ? - help, Shift-Dir - straight line, f/p - worker ant
Aim: a worker ant (almost dead)
The magic dart hits the worker ant.
The worker ant is almost dead.
You are feeling hungry.
The worker ant closely misses you.
You barely miss the worker ant.
The worker ant is almost dead.
* * * LOW HITPOINT WARNING * * *
You feel sick. The worker ant bites you.
* * * LOW HITPOINT WARNING * * *
The worker ant bites you.
You die...

#########
........# ##
#@# . #a# #
#.#w#.# O.
.#.##.#.#.####a
..
...........>...
.#.##.#.#...###
#.#†#.#.# . #.#
# # .. #.#


You could see a worm and a worker ant.

Vanquished Creatures
  A hound (D:4)
  An iguana (D:4)
  8 adders
  5 oozes (D:1)
  2 worms (D:2)
  4 dart slugs
  A giant gecko (D:3)
  6 orcs (D:4)
  A ball python (D:4)
  9 bats
  3 giant cockroaches
  5 hobgoblins (D:1)
  4 jackals
  4 kobolds
  2 quokkas (D:2)
  5 goblins
  8 rats
69 creatures vanquished.

Notes
Turn   | Place    | Note
--------------------------------------------------------------
     0 | D:1      | Chiseanne the Demonspawn Wizard began the quest for the Orb.
     0 | D:1      | Reached XP level 1. HP: 13/13 MP: 4/4
     3 | D:1      | Found a runed door.
   179 | D:1      | Gained mutation: Your flesh is heat resistant. [demonic ancestry]
   179 | D:1      | Reached XP level 2. HP: 19/19 MP: 3/6
   965 | D:2      | Reached XP level 3. HP: 24/24 MP: 6/8
  1286 | D:2      | Learned a level 2 spell: Blink
  1289 | D:2      | Learned a level 2 spell: Repel Missiles
  1293 | D:2      | Learned a level 3 spell: Mephitic Cloud
  1668 | D:2      | Gained mutation: You are immune to clouds of flame. [demonic ancestry]
  1668 | D:2      | Reached XP level 4. HP: 30/30 MP: 5/9
  2803 | D:3      | Found an iron altar of Okawaru.
  2883 | D:3      | Found a white marble altar of Elyvilon.
  2942 | D:3      | Noticed Grinder
  2943 | D:3      | Noticed Natasha
  3084 | D:3      | Reached XP level 5. HP: 35/35 MP: 7/11
  3440 | D:4      | Learned a level 3 spell: Conjure Flame
  3887 | D:4      | Noticed Crazy Yiuf
  3906 | D:4      | Noticed an ogre
  3949 | D:4      | HP: 1/35 [worker ant (3)]
  3949 | D:4      | Slain by a worker ant

Skill      XL: |  1  2  3  4  5 |
---------------+----------------+-----
Conjurations   | 2 3 4 |  4.0
Spellcasting   | 4 |  4.7
Dodging        | |  1.7
Stealth        | |  1.7
Summonings     | |  1.0
Translocations | |  0.8

Action                   |  1- 3 |  4- 6 || total
-------------------------+-------+-------++-------
Melee: Unarmed           |     1 |       ||     1
       Short sword       |     8 |    33 ||    41
 Fire: Hunting sling     |       |     8 ||     8
 Cast: Magic Dart        |    82 |   119 ||   201
       Blink             |       |     4 ||     4
       Repel Missiles    |       |     1 ||     1
       Conjure Flame     |       |     3 ||     3
       Mephitic Cloud    |       |     3 ||     3
  Use: Scroll            |     7 |     6 ||    13
       Potion            |       |     1 ||     1
  Eat: Chunk             |     2 |     7 ||     9
Armor: Robe              |     2 |    28 ||    30
Dodge: Dodged            |    21 |    64 ||    85
       Deflected         |       |     2 ||     2
